Canadiens vs Red Wings (R1)

Created - May 6, 2020 at 20:00

Goals
1 2 3 T
Canadiens 1 4 1 6
Red Wings 0 1 0 1
Shots
1 2 3 T
Canadiens 17 16 8 41
Red Wings 14 14 7 35

1st period

1. Canadiens , Frans Nielsen 23 (Greg Stewart 27) at 18:38 (PP)

Penalties :
Anton Volchenkov (Det) for Hooking (Minor) at 2:13, Riley Armstrong (Det) for Holding (Minor) at 17:16

2nd period

2. Red Wings , Philip Samuelsson 11 (Karl Alzner 25, Alex Picard 25) at 0:46 (PP)
3. Canadiens , Corey Perry 42 (Henrik Sedin 65) at 0:50
4. Canadiens , Corey Perry 43 (Henrik Sedin 66, Steve Downie 30) at 7:21
5. Canadiens , Nikolai Zherdev 3 (Dustin Boyd 20, Mark Stuart 15) at 9:52
6. Canadiens , Corey Perry 44 (Henrik Sedin 67) at 13:59

Penalties :
Henrik Sedin (Mon) for High sticking (Minor) at 0:22, Steve Downie (Mon) for Tripping (Minor) at 5:06, Tye McGinn (Det) for Holding Stick (Minor) at 17:42

3rd period

7. Canadiens , Corey Perry 45 (Henrik Sedin 68) at 14:27

Penalties :
Dustin Boyd (Mon) for Holding Stick (Minor) at 6:07, Henrik Lundqvist (Mon) for Slashing (Minor) at 8:09 - Corey Perry served the penalty, Ryan O'Byrne (Det) for Holding (Minor) at 14:34

Goalie Stats

Henrik Lundqvist (Mon), 34 saves from 35 shots - (0.971), W, 37-20-8, 60:00 minutes
James Reimer (Det), 35 saves from 41 shots - (0.854), L, 30-23-5, 60:00 minutes

Players Stats for Canadiens

Player Name              G  A  P  +/- PIM S  H  SB GA TA FO     MP     PP MP  PK MP  
------------------------------------------------------------------------------------
Benoit Pouliot           0  0  0   3  0   4  3  0  1  2  2/4    21:25   4:03   2:44 
Brett Maclean            0  0  0   0  0   1  0  0  0  0  0/0    10:25   0:00   0:00 
Bryce Lampman            0  0  0   0  0   3  0  1  0  0  0/0    18:09   3:18   0:00 
Colton Parayko           0  0  0   4  0   2  0  2  0  0  0/0    27:52   4:01   2:41 
Corey Perry              4  0  4   4  0   7  1  0  0  0  3/7    21:25   4:03   2:18 
Dustin Boyd              0  1  1   1  2   1  1  0  0  0  1/4    11:34   0:00   1:52 
Enver Lisin              0  0  0   0  0   3  0  0  0  0  0/0    10:25   0:00   0:00 
Frans Nielsen            1  0  1   0  0   1  0  2  1  0  7/12   16:56   3:16   2:29 
Greg Stewart             0  1  1   0  0   5  0  0  1  1  0/0    14:47   3:16   0:20 
Henrik Sedin             0  4  4   4  2   4  3  0  2  0  17/31  21:59   4:03   2:53 
Mark Stuart              0  1  1   5  0   1  2  3  0  0  0/0    25:34   0:00   3:40 
Nikolai Zherdev          1  0  1   1  0   2  0  1  0  0  0/0     9:40   0:00   0:00 
Pierre-Marc Bouchard     0  0  0   0  0   2  0  0  1  0  2/3    10:38   0:00   0:06 
Raphael Diaz             0  0  0   0  0   0  0  0  0  1  0/0    17:31   3:18   0:00 
Shaone Morrisonn         0  0  0   1  0   1  1  0  0  0  0/0    13:59   0:00   3:40 
Steve Downie             0  1  1   1  2   3  2  0  0  1  1/1    14:42   3:16   0:00 
Viktor Stalberg          0  0  0   1  0   0  1  0  0  0  1/2     9:40   0:00   0:00 
Vitaly Vishnevsky        0  0  0   0  0   1  0  1  0  0  0/0    16:55   4:01   2:41 

Players Stats for Red Wings

Player Name              G  A  P  +/- PIM S  H  SB GA TA FO     MP     PP MP  PK MP  
------------------------------------------------------------------------------------
Alex Picard              0  1  1  -3  0   1  2  2  1  0  1/2    21:31   3:46   0:57 
Andrew Alberts           0  0  0  -1  0   0  1  0  0  0  0/0    17:16   0:55   4:21 
Anton Volchenkov         0  0  0  -1  2   2  0  0  0  0  0/0    15:18   0:00   2:57 
Carson Mcmillan          0  0  0   0  0   1  0  0  0  0  0/0    11:37   0:19   4:15 
Chris Kelly              0  0  0   0  0   0  1  0  0  0  3/9    13:58   0:00   4:10 
Connor Brown             0  0  0  -3  0   4  0  1  1  0  0/0    20:25   3:46   0:00 
David Krejci             0  0  0   0  0   3  0  1  0  0  3/3    10:23   0:35   0:00 
Jiri Fischer             0  0  0  -1  0   0  1  3  0  1  0/0    19:16   1:18   2:58 
Jordin Tootoo            0  0  0  -2  0   1  1  1  2  0  1/2    14:47   2:13   0:00 
Karl Alzner              0  1  1   0  0   1  2  1  0  1  0/0    19:56   5:03   0:44 
Michael Haley            0  0  0   0  0   0  1  0  0  0  0/0     9:03   0:00   1:57 
Mike Richards            0  0  0  -3  0   7  3  0  0  0  14/29  21:53   3:46   1:19 
Nick Bjugstad            0  0  0  -2  0   5  5  1  0  0  7/18   15:03   2:13   0:16 
Petr Pohl                0  0  0   0  0   0  1  0  1  0  0/0    10:14   0:22   0:00 
Philip Samuelsson        1  0  1  -3  0   2  1  1  0  1  0/0    25:02   4:08   1:34 
Riley Armstrong          0  0  0   0  2   3  0  0  0  0  0/0     8:49   0:00   1:44 
Ryan O'Byrne             0  0  0  -4  2   2  1  3  0  2  0/0    23:17   1:18   2:04 
Tye McGinn               0  0  0  -2  2   3  0  2  0  1  1/1    14:49   2:03   0:00 

3 Stars

1 - Corey Perry (Mon)
2 - Henrik Sedin (Mon)
3 - Henrik Lundqvist (Mon)

Power Play

Canadiens - 1 on 4 Attempt(s) - 25.00%
Red Wings - 1 on 4 Attempt(s) - 25.00%

Penalty Kill

Canadiens - 3 on 4 Attempt(s) - 75.00% - Score 0 goal in Penalty Kill
Red Wings - 3 on 4 Attempt(s) - 75.00% - Score 0 goal in Penalty Kill

Team Stat

Canadiens - Hits : 14 - Faceoff Wins : 34 - Blocked Shots : 10 - Penalty Minutes : 8
Red Wings - Hits : 20 - Faceoff Wins : 30 - Blocked Shots : 16 - Penalty Minutes : 8

Official

Referees : Unknown
Linesman : Unknown

Game Notes

Corey Perry has scored a Hat Trick!

Finance

Level 1 -- Attendance: 4587 (76.45%) -- Ticket Income $490,809
Level 2 -- Attendance: 3989 (79.78%) -- Ticket Income $283,219
Level 3 -- Attendance: 1440 (72.00%) -- Ticket Income $69,120
Level 4 -- Attendance: 2926 (73.15%) -- Ticket Income $96,558
Luxury Box -- Attendance: 804 (80.40%) -- Ticket Income $152,760
Game was played at the Joe Louis Arena.
Total Attendance: 13746 (76.37%)
Total Ticket Income: $1,092,466
Other Income: $163,870
Total Income: $1,256,336

Canadiens

5 vs 5 Forward 
   Center                   Left Wing                Right Wing               Time % Phy DF OF 
 1 Henrik Sedin             Benoit Pouliot           Corey Perry              40     0   0  5  
 2 Frans Nielsen            Greg Stewart             Steve Downie             30     0   0  5  
 3 Pierre-Marc Bouchard     Brett Maclean            Enver Lisin              20     0   2  3  
 4 Dustin Boyd              Viktor Stalberg          Nikolai Zherdev          10     1   2  2  

5 vs 5 Defense 
   Defense                  Defense                                           Time % Phy DF OF 
 1 Colton Parayko           Mark Stuart                                       40     0   2  3  
 2 Raphael Diaz             Bryce Lampman                                     30     0   2  3  
 3 Vitaly Vishnevsky        Shaone Morrisonn                                  20     0   3  2  
 4 Mark Stuart              Colton Parayko                                    10     1   2  2  

PowerPlay Forward 
   Center                   Left Wing                Right Wing               Time % Phy DF OF 
 1 Henrik Sedin             Benoit Pouliot           Corey Perry              60     0   0  5  
 2 Frans Nielsen            Greg Stewart             Steve Downie             40     0   0  5  

PowerPlay Defense
   Defense                  Defense                                           Time % Phy DF OF 
 1 Colton Parayko           Vitaly Vishnevsky                                 60     0   1  4  
 2 Bryce Lampman            Raphael Diaz                                      40     0   1  4  

Penalty Kill 4 Players Forward 
   Center                   Wing                     Time % Phy DF OF 
 1 Corey Perry              Henrik Sedin             60     0   5  0  
 2 Benoit Pouliot           Frans Nielsen            40     0   5  0  

Penalty Kill 4 Players Defense
   Defense                  Defense                  Time % Phy DF OF 
 1 Shaone Morrisonn         Mark Stuart              60     0   5  0  
 2 Colton Parayko           Vitaly Vishnevsky        40     0   5  0  

Penalty Kill - 3 Players Forward 
   Forward                                           Time % Phy DF OF 
 1 Corey Perry                                       60     0   5  0  
 2 Henrik Sedin                                      40     0   5  0  

Penalty Kill - 3 Players Defense
   Defense                  Defense                  Time % Phy DF OF 
 1 Mark Stuart              Vitaly Vishnevsky        60     1   4  0  
 2 Colton Parayko           Shaone Morrisonn         40     1   4  0  

4 vs 4 Forward 
   Center                   Wing                     Time % Phy DF OF 
 1 Corey Perry              Henrik Sedin             60     0   2  3  
 2 Benoit Pouliot           Frans Nielsen            40     0   2  3  

4 vs 4 Defense
   Defense                  Defense                  Time % Phy DF OF 
 1 Bryce Lampman            Vitaly Vishnevsky        60     0   2  3  
 2 Colton Parayko           Mark Stuart              40     0   2  3  

Last Minutes Offensive
   Center                   Left Wing                Right Wing               Defense                  Defense                  
   Henrik Sedin             Benoit Pouliot           Corey Perry              Colton Parayko           Bryce Lampman            

Last Minutes Defensive
   Center                   Left Wing                Right Wing               Defense                  Defense                  
   Henrik Sedin             Benoit Pouliot           Corey Perry              Shaone Morrisonn         Mark Stuart              

Goaltenders
Starting : Henrik Lundqvist         
Backup : Allen York               

Extra Forwards
Normal : Henrik Sedin, Benoit Pouliot, Corey Perry - PP : Corey Perry, Benoit Pouliot - PK : Dustin Boyd
Extra Defensemen
Normal : Raphael Diaz, Colton Parayko, Vitaly Vishnevsky - PP : Bryce Lampman - PK : Mark Stuart, Colton Parayko
Penalty Shots
Corey Perry, Henrik Sedin, Benoit Pouliot, Frans Nielsen, Greg Stewart

Scratches
None

Red Wings

5 vs 5 Forward 
   Center                   Left Wing                Right Wing               Time % Phy DF OF 
 1 Mike Richards            Alex Picard              Connor Brown             40     0   2  3  
 2 Nick Bjugstad            Tye McGinn               Jordin Tootoo            30     0   2  3  
 3 David Krejci             Chris Kelly              Petr Pohl                20     2   2  1  
 4 Riley Armstrong          Michael Haley            Carson Mcmillan          10     0   2  3  

5 vs 5 Defense 
   Defense                  Defense                                           Time % Phy DF OF 
 1 Philip Samuelsson        Ryan O'Byrne                                      40     0   2  3  
 2 Karl Alzner              Jiri Fischer                                      30     0   2  3  
 3 Anton Volchenkov         Andrew Alberts                                    20     1   2  2  
 4 Anton Volchenkov         Andrew Alberts                                    10     1   2  2  

PowerPlay Forward 
   Center                   Left Wing                Right Wing               Time % Phy DF OF 
 1 Mike Richards            Alex Picard              Connor Brown             60     0   1  4  
 2 Nick Bjugstad            Tye McGinn               Jordin Tootoo            40     0   1  4  

PowerPlay Defense
   Defense                  Defense                                           Time % Phy DF OF 
 1 Philip Samuelsson        Karl Alzner                                       60     0   2  3  
 2 Ryan O'Byrne             Jiri Fischer                                      40     0   2  3  

Penalty Kill 4 Players Forward 
   Center                   Wing                     Time % Phy DF OF 
 1 Chris Kelly              Carson Mcmillan          60     1   2  2  
 2 Riley Armstrong          Michael Haley            40     1   2  2  

Penalty Kill 4 Players Defense
   Defense                  Defense                  Time % Phy DF OF 
 1 Andrew Alberts           Anton Volchenkov         60     1   2  2  
 2 Jiri Fischer             Ryan O'Byrne             40     1   2  2  

Penalty Kill - 3 Players Forward 
   Forward                                           Time % Phy DF OF 
 1 Carson Mcmillan                                   60     1   2  2  
 2 Michael Haley                                     40     1   2  2  

Penalty Kill - 3 Players Defense
   Defense                  Defense                  Time % Phy DF OF 
 1 Andrew Alberts           Ryan O'Byrne             60     1   2  2  
 2 Jiri Fischer             Anton Volchenkov         40     1   2  2  

4 vs 4 Forward 
   Center                   Wing                     Time % Phy DF OF 
 1 Mike Richards            Connor Brown             60     1   2  2  
 2 Nick Bjugstad            Alex Picard              40     1   2  2  

4 vs 4 Defense
   Defense                  Defense                  Time % Phy DF OF 
 1 Philip Samuelsson        Ryan O'Byrne             60     1   2  2  
 2 Anton Volchenkov         Jiri Fischer             40     1   2  2  

Last Minutes Offensive
   Center                   Left Wing                Right Wing               Defense                  Defense                  
   Mike Richards            Alex Picard              Connor Brown             Philip Samuelsson        Karl Alzner              

Last Minutes Defensive
   Center                   Left Wing                Right Wing               Defense                  Defense                  
   Riley Armstrong          Michael Haley            Carson Mcmillan          Anton Volchenkov         Ryan O'Byrne             

Goaltenders
Starting : James Reimer             
Backup : Josh Harding             

Extra Forwards
Normal : Connor Brown, Nick Bjugstad, Jordin Tootoo - PP : David Krejci, Petr Pohl - PK : Mike Richards
Extra Defensemen
Normal : Philip Samuelsson, Karl Alzner, Andrew Alberts - PP : Andrew Alberts - PK : Philip Samuelsson, Karl Alzner
Penalty Shots
Mike Richards, Carson Mcmillan, Nick Bjugstad, Alex Picard, Jordin Tootoo

Scratches
Dany Heatley (Healthy), Jakub Kindl (Healthy), Petter Granberg (Healthy)

% Time on Ice - Canadiens

Lines # - Real PCT - Wanted PCT - Time Play
Normal Forward
1 - 33% - 40% - 15:04
2 - 24% - 30% - 11:11
3 - 22% - 20% - 10:25
4 - 21% - 10% - 9:40
Normal Defense
1 - 42% - 40% - 19:30
2 - 31% - 30% - 14:20
3 - 22% - 20% - 10:00
4 - 5% - 10% - 2:30
PP Forward
1 - 55% - 60% - 4:03
2 - 45% - 40% - 3:16
PP Defense
1 - 55% - 60% - 4:01
2 - 45% - 40% - 3:18
PK Forward
1 - 87% - 60% - 5:31
2 - 13% - 40% - 0:50
PK Defense
1 - 58% - 60% - 3:40
2 - 42% - 40% - 2:41
PK3 Forward
1 - 0% - 60%
2 - 0% - 40%
PK3 Defense
1 - 0% - 60%
2 - 0% - 40%
44 Forward
1 - 0% - 60%
2 - 0% - 40%
44 Defense
1 - 0% - 60%
2 - 0% - 40%
Last Minute Offensive  - 0:00
Last Minute Defensive  - 0:00
Total
Forward - 60:00
Defense - 60:00

% Time on Ice - Red Wings

Lines # - Real PCT - Wanted PCT - Time Play
Normal Forward
1 - 36% - 40% - 16:52
2 - 27% - 30% - 12:41
3 - 21% - 20% - 9:48
4 - 15% - 10% - 6:59
Normal Defense
1 - 42% - 40% - 19:29
2 - 32% - 30% - 15:00
3 - 19% - 20% - 8:56
4 - 6% - 10% - 2:55
PP Forward
1 - 65% - 60% - 4:08
2 - 35% - 40% - 2:13
PP Defense
1 - 80% - 60% - 5:03
2 - 20% - 40% - 1:18
PK Forward
1 - 73% - 60% - 5:22
2 - 27% - 40% - 1:57
PK Defense
1 - 59% - 60% - 4:21
2 - 41% - 40% - 2:58
PK3 Forward
1 - 0% - 60%
2 - 0% - 40%
PK3 Defense
1 - 0% - 60%
2 - 0% - 40%
44 Forward
1 - 0% - 60%
2 - 0% - 40%
44 Defense
1 - 0% - 60%
2 - 0% - 40%
Last Minute Offensive  - 0:00
Last Minute Defensive  - 0:00
Total
Forward - 60:00
Defense - 60:00

Play-by-Play

1st period


0:01 of 1st period - Henrik Sedin wins face-off versus Mike Richards in neutral zone.
0:08 of 1st period - Snap shot by Benoit Pouliot.
0:08 of 1st period - Deflect By Corey Perry.
0:08 of 1st period - Stopped by James Reimer with a rebound.
0:57 of 1st period - Slapshot by Bryce Lampman.
0:57 of 1st period - Shot Blocked by David Krejci.
1:13 of 1st period - Wrist shot by Carson Mcmillan.
1:13 of 1st period - Stopped by Henrik Lundqvist without a rebound.
1:14 of 1st period - Henrik Sedin wins face-off versus Mike Richards in Canadiens zone.
1:50 of 1st period - Snap shot by Jordin Tootoo.
1:50 of 1st period - Shot Blocked by Frans Nielsen.
1:52 of 1st period - Snap shot by Nick Bjugstad.
1:52 of 1st period - Shot Blocked by Mark Stuart.
2:08 of 1st period - Wrist shot by Enver Lisin.
2:08 of 1st period - Stopped by James Reimer with a rebound.
2:13 of 1st period - Minor Penalty to Anton Volchenkov for Hooking.
2:14 of 1st period - Henrik Sedin wins face-off versus Chris Kelly in Red Wings zone.
2:16 of 1st period - Wrist shot by Benoit Pouliot.
2:16 of 1st period - Stopped by James Reimer without a rebound.
2:17 of 1st period - Chris Kelly wins face-off versus Henrik Sedin in Red Wings zone.
4:13 of 1st period - Penalty to Anton Volchenkov is over, Anton Volchenkov is back on ice.
4:21 of 1st period - Snap shot by Jordin Tootoo.
4:21 of 1st period - Stopped by Henrik Lundqvist without a rebound.
4:22 of 1st period - Nick Bjugstad wins face-off versus Pierre-Marc Bouchard in Canadiens zone.
4:33 of 1st period - Wrist shot by Enver Lisin.
4:33 of 1st period - Stopped by James Reimer without a rebound.
4:34 of 1st period - Mike Richards wins face-off versus Viktor Stalberg in Red Wings zone.
6:02 of 1st period - Riley Armstrong is hit by Mark Stuart and loses puck.
6:11 of 1st period - Wrist shot by Dustin Boyd.
6:11 of 1st period - Stopped by James Reimer without a rebound.
6:12 of 1st period - Mike Richards wins face-off versus Henrik Sedin in Red Wings zone.
6:28 of 1st period - Snap shot by Mike Richards.
6:28 of 1st period - Stopped by Henrik Lundqvist without a rebound.
6:29 of 1st period - Steve Downie wins face-off versus Nick Bjugstad in Canadiens zone.
7:19 of 1st period - Snap shot by Dustin Boyd.
7:19 of 1st period - Shot Misses the Net.
7:27 of 1st period - Wrist shot by David Krejci.
7:27 of 1st period - Stopped by Henrik Lundqvist without a rebound.
7:28 of 1st period - Benoit Pouliot wins face-off versus Nick Bjugstad in Canadiens zone.
7:53 of 1st period - Colton Parayko is hit by Chris Kelly and loses puck.
8:12 of 1st period - Slapshot by Henrik Sedin.
8:12 of 1st period - Deflect By Benoit Pouliot.
8:12 of 1st period - Shot Misses the Net.
8:12 of 1st period - Puck is out of play.
8:13 of 1st period - Mike Richards wins face-off versus Frans Nielsen in Red Wings zone.
8:26 of 1st period - Bryce Lampman is hit by Mike Richards and loses puck.
8:41 of 1st period - Backhand shot by Mike Richards.
8:41 of 1st period - Stopped by Henrik Lundqvist with a rebound.
9:15 of 1st period - Wrist shot by Pierre-Marc Bouchard.
9:15 of 1st period - Shot Misses the Net.
9:44 of 1st period - Wrist shot by Pierre-Marc Bouchard.
9:44 of 1st period - Stopped by James Reimer with a rebound.
9:56 of 1st period - Slapshot by Philip Samuelsson.
9:56 of 1st period - Deflect By Mike Richards.
9:56 of 1st period - Stopped by Henrik Lundqvist without a rebound.
9:57 of 1st period - Nick Bjugstad wins face-off versus Henrik Sedin in Canadiens zone.
10:22 of 1st period - Mark Stuart is hit by Andrew Alberts and loses puck.
10:35 of 1st period - David Krejci is hit by Steve Downie and loses puck.
10:48 of 1st period - Wrist shot by Nikolai Zherdev.
10:48 of 1st period - Stopped by James Reimer without a rebound.
10:49 of 1st period - Mike Richards wins face-off versus Dustin Boyd in Red Wings zone.
11:10 of 1st period - Snap shot by Connor Brown.
11:10 of 1st period - Shot Misses the Net.
11:23 of 1st period - Snap shot by Connor Brown.
11:23 of 1st period - Shot Misses the Net.
11:25 of 1st period - Snap shot by Mike Richards.
11:25 of 1st period - Stopped by Henrik Lundqvist with a rebound.
11:27 of 1st period - Slapshot by Anton Volchenkov.
11:27 of 1st period - Stopped by Henrik Lundqvist without a rebound.
11:28 of 1st period - Henrik Sedin wins face-off versus Nick Bjugstad in Canadiens zone.
11:28 of 1st period - Henrik Sedin is hit by Jordin Tootoo.
11:40 of 1st period - Snap shot by Benoit Pouliot.
11:40 of 1st period - Stopped by James Reimer without a rebound.
11:41 of 1st period - Henrik Sedin wins face-off versus Nick Bjugstad in Red Wings zone.
12:16 of 1st period - Wrist shot by Frans Nielsen.
12:16 of 1st period - Shot Misses the Net.
12:18 of 1st period - Slapshot by Mark Stuart.
12:18 of 1st period - Stopped by James Reimer with a rebound.
12:54 of 1st period - Wrist shot by David Krejci.
12:54 of 1st period - Stopped by Henrik Lundqvist without a rebound.
12:55 of 1st period - David Krejci wins face-off versus Corey Perry in Canadiens zone.
13:48 of 1st period - Snap shot by Brett Maclean.
13:48 of 1st period - Stopped by James Reimer with a rebound.
14:08 of 1st period - Snap shot by Riley Armstrong.
14:08 of 1st period - Stopped by Henrik Lundqvist without a rebound.
14:09 of 1st period - Mike Richards wins face-off versus Dustin Boyd in Canadiens zone.
15:04 of 1st period - Slapshot by Viktor Stalberg.
15:04 of 1st period - Shot Blocked by Jiri Fischer.
15:24 of 1st period - Bryce Lampman is hit by Jiri Fischer and loses puck.
15:47 of 1st period - Slapshot by Bryce Lampman.
15:47 of 1st period - Stopped by James Reimer without a rebound.
15:48 of 1st period - Nick Bjugstad wins face-off versus Benoit Pouliot in Red Wings zone.
15:53 of 1st period - Wrist shot by Nick Bjugstad.
15:53 of 1st period - Stopped by Henrik Lundqvist with a rebound.
15:59 of 1st period - Snap shot by Nick Bjugstad.
15:59 of 1st period - Stopped by Henrik Lundqvist without a rebound.
16:00 of 1st period - Nick Bjugstad wins face-off versus Henrik Sedin in Canadiens zone.
16:56 of 1st period - Slapshot by Greg Stewart.
16:56 of 1st period - Stopped by James Reimer with a rebound.
17:16 of 1st period - Minor Penalty to Riley Armstrong for Holding.
17:17 of 1st period - Henrik Sedin wins face-off versus Chris Kelly in Red Wings zone.
17:26 of 1st period - Wrist shot by Benoit Pouliot.
17:26 of 1st period - Shot Misses the Net.
17:28 of 1st period - Snap shot by Vitaly Vishnevsky.
17:28 of 1st period - Shot Misses the Net.
17:30 of 1st period - Snap shot by Vitaly Vishnevsky.
17:30 of 1st period - Shot Blocked by Ryan O'Byrne.
17:32 of 1st period - Slapshot by Bryce Lampman.
17:32 of 1st period - Shot Blocked by Jiri Fischer.
17:34 of 1st period - Wrist shot by Henrik Sedin.
17:34 of 1st period - Stopped by James Reimer without a rebound.
17:35 of 1st period - Chris Kelly wins face-off versus Frans Nielsen in Red Wings zone.
17:40 of 1st period - Wrist shot by Chris Kelly.
17:40 of 1st period - Shot Misses the Net.
18:04 of 1st period - Snap shot by Bryce Lampman.
18:04 of 1st period - Stopped by James Reimer with a rebound.
18:06 of 1st period - Snap shot by Henrik Sedin.
18:06 of 1st period - Shot Misses the Net.
18:08 of 1st period - Slapshot by Bryce Lampman.
18:08 of 1st period - Stopped by James Reimer without a rebound.
18:09 of 1st period - Chris Kelly wins face-off versus Henrik Sedin in Red Wings zone.
18:09 of 1st period - Chris Kelly is hit by Benoit Pouliot.
18:19 of 1st period - Chris Kelly is hit by Henrik Sedin and loses puck.
18:24 of 1st period - Wrist shot by Corey Perry.
18:24 of 1st period - Shot Misses the Net.
18:26 of 1st period - Slapshot by Colton Parayko.
18:26 of 1st period - Stopped by James Reimer without a rebound.
18:27 of 1st period - Frans Nielsen wins face-off versus Chris Kelly in Red Wings zone.
18:38 of 1st period - Snap shot by Frans Nielsen.
18:38 of 1st period - Goal by Frans Nielsen - Canadiens : 1 - Red Wings : 0.
18:39 of 1st period - Henrik Sedin wins face-off versus Nick Bjugstad in neutral zone.
19:16 of 1st period - Snap shot by David Krejci.
19:16 of 1st period - Shot Misses the Net.
19:18 of 1st period - Slapshot by Ryan O'Byrne.
19:18 of 1st period - Stopped by Henrik Lundqvist with a rebound.
19:49 of 1st period - Off-side.
19:50 of 1st period - Henrik Sedin wins face-off versus Nick Bjugstad in neutral zone.
19:59 of 1st period - Wrist shot by Jordin Tootoo.
19:59 of 1st period - Deflect By Nick Bjugstad.
19:59 of 1st period - Stopped by Henrik Lundqvist without a rebound.
Goals for this period are 1 for Canadiens vs 0 for Red Wings.
Shots for this period are 17 for Canadiens vs 14 for Red Wings.

2nd period


0:01 of 2nd period - Alex Picard wins face-off versus Benoit Pouliot in neutral zone.
0:22 of 2nd period - Minor Penalty to Henrik Sedin for High sticking.
0:23 of 2nd period - Corey Perry wins face-off versus Mike Richards in Canadiens zone.
0:34 of 2nd period - Slapshot by Mike Richards.
0:34 of 2nd period - Stopped by Henrik Lundqvist without a rebound.
0:35 of 2nd period - Mike Richards wins face-off versus Corey Perry in Canadiens zone.
0:42 of 2nd period - Snap shot by Alex Picard.
0:42 of 2nd period - Stopped by Henrik Lundqvist with a rebound.
0:44 of 2nd period - Snap shot by Karl Alzner.
0:44 of 2nd period - Shot Blocked by Mark Stuart.
0:46 of 2nd period - Slapshot by Philip Samuelsson.
0:46 of 2nd period - Goal by Philip Samuelsson - Canadiens : 1 - Red Wings : 1.
0:47 of 2nd period - Henrik Sedin wins face-off versus Nick Bjugstad in neutral zone.
0:50 of 2nd period - Wrist shot by Corey Perry.
0:50 of 2nd period - Goal by Corey Perry - Canadiens : 2 - Red Wings : 1.
0:51 of 2nd period - Nick Bjugstad wins face-off versus Henrik Sedin in neutral zone.
1:00 of 2nd period - Wrist shot by Benoit Pouliot.
1:00 of 2nd period - Shot Blocked by Ryan O'Byrne.
1:55 of 2nd period - Brett Maclean is hit by Mike Richards and loses puck.
2:34 of 2nd period - Snap shot by Jordin Tootoo.
2:34 of 2nd period - Shot Misses the Net.
2:38 of 2nd period - Slapshot by Tye McGinn.
2:38 of 2nd period - Stopped by Henrik Lundqvist without a rebound.
2:39 of 2nd period - Frans Nielsen wins face-off versus Mike Richards in Canadiens zone.
2:46 of 2nd period - Wrist shot by Frans Nielsen.
2:46 of 2nd period - Shot Misses the Net.
3:06 of 2nd period - Chris Kelly is hit by Shaone Morrisonn and loses puck.
4:17 of 2nd period - Steve Downie is hit by Mike Richards and loses puck.
4:42 of 2nd period - Snap shot by David Krejci.
4:42 of 2nd period - Shot Blocked by Vitaly Vishnevsky.
4:58 of 2nd period - Snap shot by Brett Maclean.
4:58 of 2nd period - Shot Blocked by Karl Alzner.
5:03 of 2nd period - Off-side.
5:04 of 2nd period - Frans Nielsen wins face-off versus Mike Richards in neutral zone.
5:06 of 2nd period - Minor Penalty to Steve Downie for Tripping.
5:07 of 2nd period - Mike Richards wins face-off versus Corey Perry in Canadiens zone.
5:09 of 2nd period - Snap shot by Connor Brown.
5:09 of 2nd period - Stopped by Henrik Lundqvist without a rebound.
5:10 of 2nd period - Corey Perry wins face-off versus Mike Richards in Canadiens zone.
5:38 of 2nd period - Henrik Sedin is hit by Alex Picard and loses puck.
6:29 of 2nd period - Slapshot by Connor Brown.
6:29 of 2nd period - Shot Misses the Net.
7:06 of 2nd period - Penalty to Steve Downie is over, Steve Downie is back on ice.
7:14 of 2nd period - Ryan O'Byrne is hit by Steve Downie and loses puck.
7:21 of 2nd period - Snap shot by Corey Perry.
7:21 of 2nd period - Goal by Corey Perry - Canadiens : 3 - Red Wings : 1.
7:22 of 2nd period - Nick Bjugstad wins face-off versus Frans Nielsen in neutral zone.
7:35 of 2nd period - Snap shot by Nick Bjugstad.
7:35 of 2nd period - Stopped by Henrik Lundqvist without a rebound.
7:36 of 2nd period - Nick Bjugstad wins face-off versus Henrik Sedin in Canadiens zone.
7:49 of 2nd period - Wrist shot by Benoit Pouliot.
7:49 of 2nd period - Stopped by James Reimer without a rebound.
7:50 of 2nd period - David Krejci wins face-off versus Henrik Sedin in Red Wings zone.
7:50 of 2nd period - David Krejci is hit by Benoit Pouliot.
8:04 of 2nd period - Slapshot by Petr Pohl.
8:04 of 2nd period - Shot Misses the Net.
8:06 of 2nd period - Snap shot by Chris Kelly.
8:06 of 2nd period - Shot Blocked by Colton Parayko.
8:17 of 2nd period - Off-side.
8:18 of 2nd period - Frans Nielsen wins face-off versus Jordin Tootoo in neutral zone.
8:21 of 2nd period - Slapshot by Raphael Diaz.
8:21 of 2nd period - Shot Blocked by Philip Samuelsson.
8:33 of 2nd period - Snap shot by Steve Downie.
8:33 of 2nd period - Shot Blocked by Tye McGinn.
8:35 of 2nd period - Snap shot by Steve Downie.
8:35 of 2nd period - Stopped by James Reimer with a rebound.
8:43 of 2nd period - Snap shot by Steve Downie.
8:43 of 2nd period - Deflect By Greg Stewart.
8:43 of 2nd period - Stopped by James Reimer with a rebound.
8:45 of 2nd period - Slapshot by Greg Stewart.
8:45 of 2nd period - Deflect By Steve Downie.
8:45 of 2nd period - Stopped by James Reimer without a rebound.
8:46 of 2nd period - David Krejci wins face-off versus Henrik Sedin in Red Wings zone.
9:11 of 2nd period - Pierre-Marc Bouchard is hit by Michael Haley and loses puck.
9:16 of 2nd period - Snap shot by Riley Armstrong.
9:16 of 2nd period - Shot Misses the Net.
9:52 of 2nd period - Snap shot by Nikolai Zherdev.
9:52 of 2nd period - Goal by Nikolai Zherdev - Canadiens : 4 - Red Wings : 1.
9:53 of 2nd period - Mike Richards wins face-off versus Henrik Sedin in neutral zone.
10:02 of 2nd period - Slapshot by Connor Brown.
10:02 of 2nd period - Stopped by Henrik Lundqvist without a rebound.
10:03 of 2nd period - Mike Richards wins face-off versus Henrik Sedin in Canadiens zone.
10:08 of 2nd period - Slapshot by Connor Brown.
10:08 of 2nd period - Stopped by Henrik Lundqvist with a rebound.
10:10 of 2nd period - Snap shot by Philip Samuelsson.
10:10 of 2nd period - Stopped by Henrik Lundqvist with a rebound.
10:12 of 2nd period - Wrist shot by Mike Richards.
10:12 of 2nd period - Stopped by Henrik Lundqvist with a rebound.
10:46 of 2nd period - Corey Perry is hit by Ryan O'Byrne and loses puck.
10:59 of 2nd period - Snap shot by Henrik Sedin.
10:59 of 2nd period - Stopped by James Reimer without a rebound.
11:00 of 2nd period - Frans Nielsen wins face-off versus Nick Bjugstad in Red Wings zone.
11:05 of 2nd period - Slapshot by Greg Stewart.
11:05 of 2nd period - Stopped by James Reimer with a rebound.
11:27 of 2nd period - Brett Maclean is hit by Karl Alzner and loses puck.
11:38 of 2nd period - Snap shot by Chris Kelly.
11:38 of 2nd period - Shot Misses the Net.
11:58 of 2nd period - Off-side.
11:59 of 2nd period - Frans Nielsen wins face-off versus Nick Bjugstad in neutral zone.
12:04 of 2nd period - Snap shot by Greg Stewart.
12:04 of 2nd period - Stopped by James Reimer with a rebound.
12:06 of 2nd period - Slapshot by Vitaly Vishnevsky.
12:06 of 2nd period - Shot Blocked by Tye McGinn.
12:08 of 2nd period - Wrist shot by Frans Nielsen.
12:08 of 2nd period - Shot Blocked by Nick Bjugstad.
12:10 of 2nd period - Snap shot by Greg Stewart.
12:10 of 2nd period - Shot Blocked by Jiri Fischer.
12:12 of 2nd period - Slapshot by Vitaly Vishnevsky.
12:12 of 2nd period - Shot Misses the Net.
12:14 of 2nd period - Snap shot by Steve Downie.
12:14 of 2nd period - Shot Blocked by Jordin Tootoo.
12:16 of 2nd period - Wrist shot by Greg Stewart.
12:16 of 2nd period - Stopped by James Reimer without a rebound.
12:17 of 2nd period - Henrik Sedin wins face-off versus Mike Richards in Red Wings zone.
13:30 of 2nd period - Snap shot by Jiri Fischer.
13:30 of 2nd period - Shot Blocked by Mark Stuart.
13:32 of 2nd period - Slapshot by Riley Armstrong.
13:32 of 2nd period - Shot Misses the Net.
13:34 of 2nd period - Slapshot by Karl Alzner.
13:34 of 2nd period - Shot Blocked by Nikolai Zherdev.
13:59 of 2nd period - Backhand shot by Corey Perry.
13:59 of 2nd period - Goal by Corey Perry - Canadiens : 5 - Red Wings : 1.
14:00 of 2nd period - Henrik Sedin wins face-off versus Mike Richards in neutral zone.
14:03 of 2nd period - Ryan O'Byrne is hit by Henrik Sedin.
14:13 of 2nd period - Wrist shot by Corey Perry.
14:13 of 2nd period - Shot Blocked by Ryan O'Byrne.
14:27 of 2nd period - Vitaly Vishnevsky is hit by Nick Bjugstad and loses puck.
14:36 of 2nd period - Philip Samuelsson is hit by Mark Stuart and loses puck.
15:59 of 2nd period - Snap shot by Tye McGinn.
15:59 of 2nd period - Stopped by Henrik Lundqvist with a rebound.
16:01 of 2nd period - Snap shot by Anton Volchenkov.
16:01 of 2nd period - Stopped by Henrik Lundqvist with a rebound.
16:03 of 2nd period - Snap shot by Jordin Tootoo.
16:03 of 2nd period - Deflect By Nick Bjugstad.
16:03 of 2nd period - Stopped by Henrik Lundqvist with a rebound.
16:55 of 2nd period - Wrist shot by Henrik Sedin.
16:55 of 2nd period - Stopped by James Reimer without a rebound.
16:56 of 2nd period - Henrik Sedin wins face-off versus Mike Richards in Red Wings zone.
16:57 of 2nd period - Slapshot by Benoit Pouliot.
16:57 of 2nd period - Stopped by James Reimer without a rebound.
16:58 of 2nd period - Mike Richards wins face-off versus Corey Perry in Red Wings zone.
17:23 of 2nd period - Slapshot by Ryan O'Byrne.
17:23 of 2nd period - Stopped by Henrik Lundqvist with a rebound.
17:33 of 2nd period - Wrist shot by Benoit Pouliot.
17:33 of 2nd period - Shot Misses the Net.
17:35 of 2nd period - Wrist shot by Henrik Sedin.
17:35 of 2nd period - Shot Misses the Net.
17:37 of 2nd period - Snap shot by Henrik Sedin.
17:37 of 2nd period - Stopped by James Reimer with a rebound.
17:39 of 2nd period - Slapshot by Shaone Morrisonn.
17:39 of 2nd period - Deflect By Corey Perry.
17:39 of 2nd period - Shot Blocked by Alex Picard.
17:39 of 2nd period - Puck is out of play.
17:40 of 2nd period - Jordin Tootoo wins face-off versus Frans Nielsen in Red Wings zone.
17:42 of 2nd period - Minor Penalty to Tye McGinn for Holding Stick.
17:43 of 2nd period - Henrik Sedin wins face-off versus Chris Kelly in Red Wings zone.
17:59 of 2nd period - Slapshot by Vitaly Vishnevsky.
17:59 of 2nd period - Stopped by James Reimer with a rebound.
19:42 of 2nd period - Penalty to Tye McGinn is over, Tye McGinn is back on ice.
19:50 of 2nd period - Slapshot by Dustin Boyd.
19:50 of 2nd period - Deflect By Nikolai Zherdev.
19:50 of 2nd period - Shot Blocked by Alex Picard.
19:50 of 2nd period - Puck is out of play.
19:51 of 2nd period - Tye McGinn wins face-off versus Dustin Boyd in Red Wings zone.
Goals for this period are 4 for Canadiens vs 1 for Red Wings.
Shots for this period are 16 for Canadiens vs 14 for Red Wings.

3rd period


0:01 of 3rd period - Mike Richards wins face-off versus Henrik Sedin in neutral zone.
0:08 of 3rd period - Snap shot by Connor Brown.
0:08 of 3rd period - Stopped by Henrik Lundqvist with a rebound.
1:01 of 3rd period - Wrist shot by Enver Lisin.
1:01 of 3rd period - Stopped by James Reimer without a rebound.
1:02 of 3rd period - Mike Richards wins face-off versus Henrik Sedin in Red Wings zone.
1:12 of 3rd period - Off-side.
1:13 of 3rd period - Henrik Sedin wins face-off versus Mike Richards in neutral zone.
1:42 of 3rd period - Wrist shot by Steve Downie.
1:42 of 3rd period - Stopped by James Reimer with a rebound.
2:26 of 3rd period - Snap shot by Mike Richards.
2:26 of 3rd period - Stopped by Henrik Lundqvist without a rebound.
2:27 of 3rd period - Mike Richards wins face-off versus Henrik Sedin in Canadiens zone.
3:05 of 3rd period - Vitaly Vishnevsky is hit by Nick Bjugstad and loses puck.
3:43 of 3rd period - Snap shot by Riley Armstrong.
3:43 of 3rd period - Shot Misses the Net.
3:49 of 3rd period - Snap shot by Carson Mcmillan.
3:49 of 3rd period - Shot Blocked by Colton Parayko.
3:51 of 3rd period - Slapshot by Jiri Fischer.
3:51 of 3rd period - Shot Misses the Net.
4:43 of 3rd period - Frans Nielsen is hit by Petr Pohl and loses puck.
4:50 of 3rd period - Wrist shot by Petr Pohl.
4:50 of 3rd period - Deflect By Frans Nielsen.
4:50 of 3rd period - Shot Misses the Net.
4:50 of 3rd period - Puck is out of play.
4:51 of 3rd period - Mike Richards wins face-off versus Frans Nielsen in Canadiens zone.
4:56 of 3rd period - Wrist shot by Alex Picard.
4:56 of 3rd period - Shot Blocked by Bryce Lampman.
5:43 of 3rd period - Ryan O'Byrne is hit by Henrik Sedin and loses puck.
6:07 of 3rd period - Minor Penalty to Dustin Boyd for Holding Stick.
6:08 of 3rd period - Corey Perry wins face-off versus Nick Bjugstad in Canadiens zone.
6:17 of 3rd period - Mark Stuart is hit by Nick Bjugstad and loses puck.
6:58 of 3rd period - Frans Nielsen is hit by Nick Bjugstad and loses puck.
7:06 of 3rd period - Icing by Tye McGinn.
7:07 of 3rd period - Frans Nielsen wins face-off versus Nick Bjugstad in Red Wings zone.
7:46 of 3rd period - Snap shot by Tye McGinn.
7:46 of 3rd period - Stopped by Henrik Lundqvist with a rebound.
7:48 of 3rd period - Snap shot by Karl Alzner.
7:48 of 3rd period - Shot Blocked by Frans Nielsen.
8:02 of 3rd period - Shaone Morrisonn is hit by Philip Samuelsson and loses puck.
8:07 of 3rd period - Penalty to Dustin Boyd is over, Dustin Boyd is back on ice.
8:07 of 3rd period - Snap shot by Tye McGinn.
8:07 of 3rd period - Shot Misses the Net.
8:09 of 3rd period - Slapshot by Karl Alzner.
8:09 of 3rd period - Stopped by Henrik Lundqvist without a rebound.
8:09 of 3rd period - Minor Penalty to Henrik Lundqvist for Slashing.
8:10 of 3rd period - Dustin Boyd wins face-off versus Alex Picard in Canadiens zone.
10:09 of 3rd period - Penalty to Corey Perry is over, Corey Perry is back on ice.
12:20 of 3rd period - Ryan O'Byrne is hit by Dustin Boyd and loses puck.
12:49 of 3rd period - Carson Mcmillan is hit by Viktor Stalberg.
13:04 of 3rd period - Icing by Mark Stuart.
13:05 of 3rd period - Viktor Stalberg wins face-off versus Mike Richards in Canadiens zone.
13:05 of 3rd period - Viktor Stalberg is hit by Alex Picard.
13:21 of 3rd period - Mark Stuart is hit by Karl Alzner.
13:38 of 3rd period - Benoit Pouliot is hit by Nick Bjugstad and loses puck.
13:56 of 3rd period - Snap shot by David Krejci.
13:56 of 3rd period - Stopped by Henrik Lundqvist with a rebound.
14:11 of 3rd period - Icing by Chris Kelly.
14:12 of 3rd period - Pierre-Marc Bouchard wins face-off versus Mike Richards in Red Wings zone.
14:17 of 3rd period - Snap shot by Pierre-Marc Bouchard.
14:17 of 3rd period - Stopped by James Reimer without a rebound.
14:18 of 3rd period - Pierre-Marc Bouchard wins face-off versus Mike Richards in Red Wings zone.
14:19 of 3rd period - Snap shot by Enver Lisin.
14:19 of 3rd period - Shot Misses the Net.
14:21 of 3rd period - Slapshot by Brett Maclean.
14:21 of 3rd period - Shot Blocked by Connor Brown.
14:23 of 3rd period - Snap shot by Shaone Morrisonn.
14:23 of 3rd period - Stopped by James Reimer without a rebound.
14:24 of 3rd period - Henrik Sedin wins face-off versus Mike Richards in Red Wings zone.
14:27 of 3rd period - Wrist shot by Corey Perry.
14:27 of 3rd period - Goal by Corey Perry - Canadiens : 6 - Red Wings : 1.
14:28 of 3rd period - Henrik Sedin wins face-off versus Mike Richards in neutral zone.
14:34 of 3rd period - Minor Penalty to Ryan O'Byrne for Holding.
14:35 of 3rd period - Henrik Sedin wins face-off versus Chris Kelly in Red Wings zone.
14:35 of 3rd period - Snap shot by Corey Perry.
14:35 of 3rd period - Stopped by James Reimer with a rebound.
14:37 of 3rd period - Slapshot by Colton Parayko.
14:37 of 3rd period - Deflect By Carson Mcmillan.
14:37 of 3rd period - Stopped by James Reimer with a rebound.
14:39 of 3rd period - Wrist shot by Corey Perry.
14:39 of 3rd period - Stopped by James Reimer without a rebound.
14:40 of 3rd period - Benoit Pouliot wins face-off versus Chris Kelly in Red Wings zone.
16:34 of 3rd period - Penalty to Ryan O'Byrne is over, Ryan O'Byrne is back on ice.
16:50 of 3rd period - Snap shot by Pierre-Marc Bouchard.
16:50 of 3rd period - Shot Misses the Net.
17:46 of 3rd period - Wrist shot by Riley Armstrong.
17:46 of 3rd period - Stopped by Henrik Lundqvist with a rebound.
17:48 of 3rd period - Slapshot by Anton Volchenkov.
17:48 of 3rd period - Deflect By Riley Armstrong.
17:48 of 3rd period - Stopped by Henrik Lundqvist with a rebound.
18:46 of 3rd period - Carson Mcmillan is hit by Benoit Pouliot and loses puck.
19:28 of 3rd period - Jiri Fischer is hit by Corey Perry.
Goals for this period are 1 for Canadiens vs 0 for Red Wings.
Shots for this period are 8 for Canadiens vs 7 for Red Wings.